cohdb
Replays
Latest Replays
All Replays
Popular Replays
Top Player Replays
Match Explorer
How It Works
Community
CoH3 Stats
Reddit
Sign in to upload your games and track your stats! →
Sign in with Steam
Match 43759711
Unlisted
Match 43759711
Overview
Messages
Build Orders
End
Selects Luftwaffe Battlegroup
Selects Luftwaffe Pioneer Support
Fallschirmpioneer Squad Paradrop
Construct Infanterie Kompanie
Kettenkrad Recon Vehicle
Fallschirmpioneer Squad Paradrop
MG 42 Machine Gun Team
GrW 34 Mortar Team
Construct Panzergrenadier Kompanie
Selects Flak 38 Anti-Air Emplacement
Support Elements
Selects Stuka Strafing Run
Nebelwerfer 42 Rocket Launcher Team
Nebelwerfer 42 Rocket Launcher Team
Stuka Strafing Run
Grenadier Squad
Medical Station
Selects Fallschirmjäger Squad Paradrop
Stuka Strafing Run
Grenadier Squad
251 Medium Carrier
McLovin
TaStYAcE123
Killabiene
LiberalnaKonserwa
Mortus
Serial Chiller
Winklebott
Cese del fuego
0
0
Comments
sign in to comment!
No comments posted yet!